 Dungeon Crawl Stone Soup version 0.29.0-13-gc9e81de378 (webtiles) character file.

Game seed: 11874742924610696070

14714 freelancePsychic the Fighter (level 12, -16/112 HPs)
             Began as a Meteoran Ice Elementalist on Sept 10, 2022.
             Was a High Priest of Vehumet.
             Demolished by a merfolk
             ... wielding a +0 trident
              (17 damage)
             ... on level 3 of the Lair of Beasts.
             The game lasted 00:24:11 (2636 turns).

freelancePsychic the Fighter (MeIE)                 Turns: 2636, Time: 00:24:12

Health: -16/112    AC: 13    Str: 10    XL:     12   Next: 83%
Magic:  14/26      EV: 20    Int: 21    God:    Vehumet [*****.]
Gold:   357        SH:  0    Dex: 22    Spells: 8/29 levels left

rFire   . . .      SeeInvis .   g - +2 dagger (venom)
rCold   + . .      Faith    +   (no shield)
rNeg    . . .      Spirit   .   m - +1 robe of Levity {rElec}
rPois   .          Reflect  .   i - +0 helmet
rElec   +          Harm     .   (no cloak)
rCorr   .          Rampage  .   (no gloves)
Will    +....                   h - +0 pair of boots
Stlth   +.........              o - amulet of faith
HPRegen 0.28/turn               n - ring of protection from cold
MPRegen 0.20/turn               p - +6 ring of dexterity

@: ice-armoured, very slightly contaminated, glowing
A: sense surroundings 2, otherworldly, glowing, explore regen
a: Renounce Religion


You were on level 3 of the Lair of Beasts.
You worshipped Vehumet.
Vehumet was extremely pleased with you.
You visited 3 branches of the dungeon, and saw 14 of its levels.
You also visited: Bailey.

You collected 357 gold pieces.

Inventory:

Hand Weapons
 g - a +2 dagger of venom (weapon)
Missiles
 e - 21 boomerangs
 k - 2 silver javelins
 w - 6 javelins
Armour
 a - a +0 robe
 d - a +3 plate armour
 h - a +0 pair of boots (worn)
 i - a +0 helmet (worn)
 j - a +0 pair of gloves
 m - the +1 robe of Levity (worn) {rElec}
   (You found it on level 4 of the Dungeon)

   rElec:     It insulates you from electricity.
 B - a +0 kite shield
Jewellery
 l - a ring of resist corrosion
 n - a ring of protection from cold (left hand)
 o - an amulet of faith (around neck)
 p - a +6 ring of dexterity (right hand)
 u - a +6 ring of intelligence
Wands
 r - a wand of flame (10)
 y - a wand of paralysis (5)
 C - a wand of digging (6)
 E - a wand of light (5)
Scrolls
 f - 2 scrolls of teleportation {@r4}
 q - a scroll of poison
 t - 3 scrolls of noise
 A - a scroll of vulnerability
Potions
 b - a potion of magic
 c - a potion of haste {@q3}
 s - a potion of curing {@q1}
 x - a potion of flight
 z - a potion of mutation {unknown}
 D - a potion of brilliance {unknown}


   Skills:
 + Level 12.0 Fighting
 - Level 10.5 Dodging
 - Level 1.4 Stealth
 * Level 9.0 Spellcasting
 - Level 8.1 Conjurations
 - Level 5.0 Translocations
 - Level 6.0 Transmutations
 * Level 8.5 Ice Magic


You had 8 spell levels left.
You knew the following spells:

 Your Spells              Type           Power      Damage    Failure   Level
a - Freeze                Ice            100%       1d11      1%          1
b - Frozen Ramparts       Ice            90%        1d14      1%          3
c - Ozocubu's Armour      Ice            45%        N/A       1%          3
d - Iskenderun's Mystic   Conj/Tloc      37%        2d9       1%          4
e - Freezing Cloud        Conj/Ice/Air   16%        6-21      5%          5
h - Irradiate             Conj/Tmut      19%        3d18      3%          5

Your spell library contained the following spells:

 Spells                   Type           Power      Damage    Failure   Level
 Ozocubu's Refrigeration  Ice            22%        4d12      41%         7
 Shock                    Conj/Air       100%       1d9       1%          1
 Hailstorm                Conj/Ice       44%        3d10      1%          4
 Blade Hands              Tmut           17%        N/A       16%         5
 Airstrike                Air            4%         2d(1-17)  17%         4
 Swiftness                Air            9%         N/A       22%         3
 Dragon Form              Tmut           17%        N/A       99%         7


Dungeon Overview and Level Annotations

Branches:
Dungeon (10/15) Zot: 3811  Temple (1/1) D:4 Zot: 568    Lair (3/5) D:10 Zot: 1487
 Spider (0/4) Lair:3          Orc (0/2) D:9          Bailey (visited)
  Swamp: Lair:2-3    Shoals: Lair:2-3

Altars:
Fedhas
Hepliaklqana
Trog
Vehumet
Wu Jian

Shops:
D:6 :


Innate Abilities, Weirdness & Mutations

You passively map the area around you.
You are easily found by Zot.
You glow in the dark.
You regain HP and MP as you explore.


Message History

The rime drake breathes ice at you. The flash freeze hits you!
You partially resist.
* * * LOW HITPOINT WARNING * * *
You are encased in ice.
The merfolk hits you from afar with a +0 trident.
The rime drake resists.
The wall freezes the rime drake.
You kill the rime drake!
Vehumet accepts your kill.
You feel your power returning.
Your Fighting skill increases to level 12!
The merfolk hits you from afar with a +0 trident!
* * * LOW HITPOINT WARNING * * *
You turn to flesh and can move again.
Unknown command.
Unknown command.
Unknown command.
Unknown command.
Unknown command.
Unknown command.
Unknown command.
Unknown command.
Unknown command.
Unknown command.
Okay, then.
Okay, then.
Okay, then.
Casting: Frozen Ramparts (safe; 1% risk of failure)
Confirm with . or Enter, or press ? or * to list all spells.
A film of ice covers your body! The ice encasing you melts away.
The merfolk hits you from afar with a +0 trident!
* * * LOW HITPOINT WARNING * * *
Casting: Ozocubu's Armour (safe; 1% risk of failure)
Confirm with . or Enter, or press ? or * to list all spells.
Aiming: Freezing Cloud (dangerous; 5% risk of failure)
Press: ? - help, Dir - move target The frozen ramparts melt away.
The merfolk is engulfed in freezing vapours.
The merfolk hits you from afar with a +0 trident!
You die...

.........###.....................
..........#.†....................
......†....#..................<..
...P.............................
.................§§.§............
.........<........§§§............
.................)m§§...#........
.#####......P..#††§##>####.......
# ##.##.#####@#..### #.......
###### ###### #....... , , ,, , ,
, , , * , ,


You could see a merfolk.

Vanquished Creatures
  A catoblepas (Lair:3)
  2 death yaks (Lair:1)
  An orc knight (Bailey)
  A merfolk siren (Lair:3)
  A torpor snail (Lair:3)
  A black mamba (Lair:1)
  4 cane toads
  A rime drake (Lair:3)
  2 komodo dragons
  2 merfolk (Lair:3)
  A troll (D:10)
  A polar bear (Lair:3)
  3 blink frogs (Lair:1)
  Prince Ribbit (D:9)
  2 hornets
  A wyvern (D:8)
  A basilisk (Lair:3)
  21 yaks
  A steam dragon (D:6)
  An acid dragon (D:10)
  2 water moccasins (D:6)
  7 orc warriors
  An ice beast (D:5)
  2 black bears (D:6)
  A centaur (D:9)
  15 wolves
  2 phantoms
  A kobold brigand (D:10)
  4 bullfrogs
  A necrophage (D:5)
  6 scorpions
  A wight (D:9)
  6 killer bees
  2 electric eels (D:9)
  4 hounds
  2 orc priests
  A gnoll bouda (D:4)
  3 iguanas
  3 orc wizards
  Robin (D:3)
  8 gnolls
  2 adders (D:5)
  A shadow imp (D:6)
  A white imp (D:7)
  2 worms (Lair:3)
  A dart slug (D:5)
  19 orcs
  6 ball pythons
  5 endoplasms
  4 giant cockroaches
  17 goblins
  5 hobgoblins
  21 kobolds
  2 quokkas
  4 bats
  2 rats (D:1)
214 creatures vanquished.

Vanquished Creatures (others)
  2 fungi
  7 plants
9 creatures vanquished.

Grand Total: 223 creatures vanquished

Notes
Turn   | Place    | Note
-------+----------+-------------------------------------------
     0 | D:1      | freelancePsychic the Meteoran Ice Elementalist began the
                  | quest for the Orb.
     0 | D:1      | Reached XP level 1. HP: 14/14 MP: 5/5
    92 | D:1      | Reached XP level 2. HP: 22/22 MP: 1/6
   151 | D:1      | Reached skill level 1 in Fighting
   240 | D:2      | Reached XP level 3. HP: 15/28 MP: 4/8
   246 | D:2      | Reached skill level 5 in Ice Magic
   426 | D:2      | Learned a level 3 spell: Frozen Ramparts
   430 | D:2      | Learned a level 3 spell: Ozocubu's Armour
   476 | D:3      | Noticed Robin
   482 | D:3      | Killed Robin
   483 | D:3      | Reached XP level 4. HP: 34/36 MP: 6/9
   549 | D:4      | Identified the +1 robe of Levity {rElec}
   569 | D:4      | Reached skill level 2 in Fighting
   569 | D:4      | Reached XP level 5. HP: 34/41 MP: 4/10
   619 | D:4      | Found a staircase to the Ecumenical Temple.
   627 | D:4      | Reached skill level 3 in Fighting
   627 | D:4      | Reached XP level 6. HP: 51/51 MP: 3/11
   654 | Temple   | Entered the Ecumenical Temple
   664 | Temple   | Became a worshipper of Vehumet
   751 | D:4      | Reached XP level 7. HP: 50/58 MP: 6/12
   772 | D:4      | Reached skill level 4 in Fighting
   777 | D:4      | You fall into a shaft and drop 2 floors!
   799 | D:6      | Noticed a steam dragon
   828 | D:6      | Killed a steam dragon
   829 | D:6      | Reached skill level 5 in Fighting
   829 | D:6      | Reached XP level 8. HP: 29/68 MP: 4/14
   841 | D:6      | Found Lutat's Vocational Training.
   916 | D:6      | Reached * piety under Vehumet
   916 | D:6      | Offered knowledge of Sandblast by Vehumet.
   917 | D:6      | Reached skill level 6 in Fighting
   940 | D:5      | Entered Level 5 of the Dungeon
   960 | D:6      | Reached skill level 7 in Fighting
   960 | D:6      | Reached skill level 5 in Dodging
   994 | D:6      | Gained mutation: You passively map the area around you.
                  | [Meteoran growth]
   994 | D:6      | Reached XP level 9. HP: 70/79 MP: 12/16
  1111 | D:5      | Reached skill level 8 in Fighting
  1162 | D:5      | Noticed a hornet
  1185 | D:5      | Killed a hornet
  1186 | D:5      | Reached skill level 9 in Fighting
  1297 | D:6      | Reached ** piety under Vehumet
  1297 | D:6      | Offered knowledge of Searing Ray by Vehumet.
  1536 | D:8      | Reached XP level 10. HP: 90/93 MP: 12/17
  1562 | D:8      | Found a flagged portal.
  1573 | Bailey   | Entered a bailey
  1600 | Bailey   | Reached skill level 10 in Fighting
  1602 | Bailey   | Offered knowledge of Dazzling Flash by Vehumet.
  1647 | Bailey   | Reached *** piety under Vehumet
  1651 | Bailey   | Noticed an orc knight
  1671 | Bailey   | Killed an orc knight
  1719 | D:8      | Reached skill level 10 in Dodging
  1843 | D:9      | Reached skill level 5 in Spellcasting
  1845 | D:9      | Found an ornate altar of the Wu Jian Council.
  1854 | D:9      | Offered knowledge of Iskenderun's Mystic Blast by Vehumet.
  1863 | D:9      | Reached skill level 1 in Conjurations
  1863 | D:9      | Reached skill level 1 in Translocations
  1880 | D:9      | Reached XP level 11. HP: 42/101 MP: 15/20
  1967 | D:9      | Found a staircase to the Orcish Mines.
  1995 | D:9      | Learned a level 4 spell: Iskenderun's Mystic Blast
  2073 | D:9      | Noticed Prince Ribbit
  2094 | D:9      | Killed Prince Ribbit
  2127 | D:10     | Entered Level 10 of the Dungeon
  2158 | D:10     | Reached **** piety under Vehumet
  2167 | D:10     | Reached skill level 5 in Conjurations
  2190 | D:10     | Reached skill level 5 in Translocations
  2258 | D:10     | Reached skill level 11 in Fighting
  2259 | D:10     | Offered knowledge of Freezing Cloud by Vehumet.
  2266 | D:10     | Learned a level 5 spell: Freezing Cloud
  2316 | D:10     | Found a staircase to the Lair.
  2327 | Lair:1   | Entered Level 1 of the Lair of Beasts
  2327 | Lair:1   | Noticed a death yak
  2327 | Lair:1   | Noticed a death yak
  2337 | Lair:1   | Reached skill level 1 in Transmutations
  2341 | Lair:1   | Killed a death yak
  2342 | Lair:1   | Killed a death yak
  2353 | Lair:1   | Learned a level 5 spell: Irradiate
  2399 | Lair:1   | Noticed a black mamba
  2405 | Lair:1   | Killed a black mamba
  2407 | Lair:1   | Reached XP level 12. HP: 101/110 MP: 17/23
  2445 | Lair:1   | Reached skill level 5 in Transmutations
  2579 | Lair:3   | Reached ***** piety under Vehumet
  2580 | Lair:3   | Found a hole to the Spider Nest.
  2582 | Lair:3   | Offered knowledge of Ozocubu's Refrigeration by Vehumet.
  2608 | Lair:3   | Noticed a catoblepas
  2623 | Lair:3   | Killed a catoblepas
  2634 | Lair:3   | Reached skill level 12 in Fighting
  2635 | Lair:3   | HP: 1/112 [merfolk/+0 trident (10)]
  2636 | Lair:3   | Demolished by a merfolk

Illustrated notes

Levels and vault maps discovered:
D:1:      dpeg_arrival_water_temple_mockup, layout_basic, hex_tiny
D:2:      minmay_wonky_spiral, layout_basic
D:3:      layout_loops_ring, ebering_ecumenical_altar_petrified, uniq_terence,
          uniq_robin
D:4:      layout_basic, temple_fountains
D:5:      layout_basic, chequers_temple_overflow_minitemple, serial_bayou,
          serial_bayou_lagoon_a, serial_bayou_pond_e, serial_bayou_pond_d,
          serial_bayou_pond_e, nrook_campfire, grunt_ministairs_7
D:6:      hellmonk_ruined_rings, layout_basic, nicolae_shop_vocational
D:7:      layout_basic, gammafunk_ghost_berserking_beasts, nrook_pool_corridor
D:8:      nicolae_cairo_tiling_very_big, layout_basic,
          ploomutoo_gammafunk_ghost_potion_laboratory, enter_bailey_4
D:9:      layout_big_octagon, nicolae_overflow_squiral,
          nicolae_qazlal_eye_of_the_storm, nicolae_figureground_sparkle,
          uniq_prince_ribbit1
D:10:     layout_layer_cave, dpeg_oklobed_lair
Temple:   regret_index_temple_sphere_string
Lair:1:   layout_loops_ring, chequers_serial_rivers_large_b, minivault_25,
          chequers_serial_rivers_small_b, uniq_amaemon
Lair:2:   layout_small_grid, grunt_megastairs_4
Lair:3:   layout_cave_shapes, elwin_shoals_entry_stream,
          nicolae_spider_entry_non_spiders

Skill      XL: |  1  2  3  4  5  6  7  8  9 10 11 12 |
---------------+-------------------------------------+-----
Fighting       | 1 2 3 5 7 9 10 11 12 | 12.0
Ice Magic      | 5 6 7 8 |  8.5
Spellcasting   | 3 4 5 7 9 |  9.0
Dodging        | 3 5 7 10 | 10.5
Conjurations   | 2 6 8 |  8.1
Translocations | 2 5 |  5.0
Transmutations | 4 6 |  6.0
Stealth        | |  1.4

Action                   |  1- 3 |  4- 6 |  7- 9 | 10-12 || total
-------------------------+-------+-------+-------+-------++-------
Melee: Unarmed           |     6 |       |       |       ||     6
       Dagger            |    22 |    35 |   159 |   174 ||   390
       Punch             |       |       |     3 |     4 ||     7
 Cast: Freeze            |    26 |     2 |     2 |     1 ||    31
       Frozen Ramparts   |     1 |     6 |    22 |    26 ||    55
       Ozocubu's Armour  |       |     5 |    16 |    14 ||    35
       Iskenderun's Myst |       |       |       |     8 ||     8
       Freezing Cloud    |       |       |       |    24 ||    24
       Irradiate         |       |       |       |     3 ||     3
Evoke: Wand              |       |       |       |     4 ||     4
  Use: Scroll            |       |     3 |     2 |     5 ||    10
       Potion            |       |     2 |     1 |     2 ||     5
 Stab: Sleeping          |     1 |       |     1 |       ||     2
Armor: Robe              |    18 |    16 |    58 |    46 ||   138
Dodge: Dodged            |    52 |    23 |   126 |   177 ||   378
